Map: Orbital Shipyard

Players

Stealth

  • Race: Protoss Protoss
  • League: Master

Taimoor - Winner!

  • Race: Protoss Protoss
  • League: Diamond

VOD

Have the link to the VOD?

Description

Time

  • Played on: Jan. 23, 2016, 9:08 p.m.
  • Length: 5:01
Show
View Real Time Build Order
Export as new Build Order

Stealth Protoss 

Build Orders: Oracle Opening 

Get SALT Encoding   

  12  0:01  Probe (Chrono Boost)  
  13  0:11  Probe (Chrono Boost)  
  14  0:23  Probe (Chrono Boost)  
  14  0:25  Pylon  
  15  0:43  Gateway, Probe (Chrono Boost)  
  16  0:54  Probe (Chrono Boost)  
  17  0:58  Assimilator  
  17  1:04  Probe (Chrono Boost)  
  17  1:07  Forge  
  18  1:15  Probe (Chrono Boost)  
  19  1:26  Pylon  
  19  1:32  Pylon  
  19  1:47  Probe (Chrono Boost)  
  19  1:51  Nexus  
  19  1:54  Cybernetics Core  
  19  1:57  Probe (Chrono Boost)  
  20  2:05  Assimilator  
  20  2:08  Probe (Chrono Boost)  
  21  2:18  Probe (Chrono Boost)  
  22  2:27  Pylon  
  22  2:29  Probe (Chrono Boost)  
  23  2:32  Warp Gate  
  23  2:46  Mothership Core (Chrono Boost)  
  23  2:47  Pylon  
  25  2:52  Zealot  
  25  2:56  Pylon  
  27  3:04  Probe (Chrono Boost)  
  28  3:06  Probe (Chrono Boost)  
  28  3:08  Stargate  
  29  3:15  Probe (Chrono Boost)  
  29  3:17  Probe (Chrono Boost)  
  31  3:25  Probe (Chrono Boost)  
  32  3:27  Probe (Chrono Boost)  
  32  3:29  Gateway  
  33  3:36  Probe (Chrono Boost)  
  33  3:38  Probe (Chrono Boost)  
  35  3:42  Assimilator  
  35  3:46  Probe (Chrono Boost)  
  35  3:47  Probe (Chrono Boost)  
  37  3:51  Oracle (Chrono Boost)  
  40  3:57  Probe  
  40  3:58  Probe  
  42  4:08  Probe  
  39  4:10  Probe  
  39  4:14  Pylon  
  40  4:19  Stalker (Chrono Boost)  
  40  4:20  Stalker (Chrono Boost)  
  44  4:28  Probe x2  
  44  4:40  Probe x2  
Show
View Real Time Build Order
Export as new Build Order

Taimoor Protoss - Winner!

Build Orders: Oracle Opening 

Get SALT Encoding   

  12  0:01  Probe (Chrono Boost)  
  13  0:11  Probe (Chrono Boost)  
  14  0:20  Pylon  
  14  0:22  Probe (Chrono Boost)  
  15  0:38  Probe (Chrono Boost)  
  15  0:40  Gateway  
  16  0:48  Probe (Chrono Boost)  
  16  0:49  Assimilator  
  17  0:59  Probe (Chrono Boost)  
  18  1:04  Assimilator  
  18  1:11  Probe (Chrono Boost)  
  19  1:21  Probe (Chrono Boost), Pylon  
  20  1:32  Probe (Chrono Boost)  
  21  1:38  Zealot (Chrono Boost)  
  23  1:42  Probe  
  24  1:47  Cybernetics Core  
  24  1:55  Probe  
  25  2:05  Zealot (Chrono Boost)  
  25  2:08  Probe  
  28  2:20  Pylon  
  28  2:23  Warp Gate (Chrono Boost)  
  28  2:28  Adept (Chrono Boost)  
  30  2:31  Stargate  
  30  2:38  Mothership Core  
  32  2:52  Adept (Chrono Boost)  
  34  2:59  Gateway  
  34  3:07  Pylon  
  34  3:13  Gateway  
  34  3:17  Oracle  
  37  3:28  Gateway  
  37  3:40  Pylon  
  37  3:54  Void Ray  
  41  4:05  Pylon  
  41  4:24  Stalker x2  
  41  4:26  Stalker  
  41  4:28  Stalker  
  44  4:46  Probe  
  45  4:57  Stalker x2  
Tags
 
Add a new tag
Caveats
  • Supply blocks, unpowered buildings, or Contaminate may cause inaccurate times.
  • Supply counts are checked every 10 seconds.